Map: King's Cove LE

Players

MechaCaulk - Winner!

  • Race: Zerg Zerg
  • League: Platinum
  • Spawn Location: 11:00

Killa

  • Race: Protoss Protoss
  • League: Platinum
  • Spawn Location: 5:00

VOD

Have the link to the VOD?

Description

Time

  • Played on: April 23, 2019, 4:23 a.m.
  • Length: 15:32
Show
View Real Time Build Order
Export as new Build Order

MechaCaulk Zerg - Winner!

Build Orders: Pool First 

Get SALT Encoding   

  12  0:01  Drone  
  13  0:08  Drone  
  14  0:20  Overlord  
  14  0:31  Extractor  
  14  0:32  Drone  
  14  0:38  Drone x2  
  16  0:47  Drone  
  17  0:55  Drone  
  18  1:02  Spawning Pool  
  17  1:11  Drone  
  17  1:17  Drone  
  19  1:44  Pneumatized Carapace  
  19  1:45  Drone  
  20  1:48  Drone  
  20  1:50  Hatchery  
  20  1:52  Drone  
  21  2:04  Overlord  
  21  2:18  Extractor  
  21  2:19  Drone  
  21  2:26  Queen  
  21  2:27  Drone  
  24  2:42  Zergling x2  
  25  2:45  Zergling x2  
  26  2:54  Drone  
  27  3:12  Roach Warren  
  26  3:27  Drone x5  
  26  3:28  Drone  
  32  3:39  Extractor  
  32  3:40  Extractor  
  31  3:42  Lair  
  31  3:46  Metabolic Boost  
  31  3:48  Overlord x2  
  31  3:53  Overlord  
  31  4:06  Queen  
  31  4:08  Hatchery, Drone x3  
  31  4:09  Drone x2  
  37  4:22  Overlord  
  37  4:23  Drone  
  37  4:24  Drone x3  
  41  4:37  Drone  
  42  5:01  Spire  
  42  5:02  Drone x2  
  42  5:06  Drone  
  44  5:07  Zergling x8  
  48  5:47  Overlord x3  
  48  6:01  Overlord x2  
  48  6:16  Overseer  
  48  6:18  Mutalisk  
  48  6:19  Mutalisk x8  
  66  6:28  Zergling x6  
  66  6:31  Queen  
  66  6:32  Queen  
  71  6:33  Queen  
  71  6:39  Zergling x8  
  80  6:40  Drone  
  80  6:52  Zergling x8  
  84  7:05  Mutalisk  
  84  7:06  Mutalisk x2  
  84  7:07  Zergling x6  
  93  7:19  Mutalisk x2  
  93  7:20  Zergling x2  
  96  7:40  Overlord x4  
  90  7:49  Overlord  
  90  7:50  Overlord x3  
  89  8:00  Drone x3  
  89  8:01  Drone x6  
  96  8:15  Mutalisk x4  
  96  8:16  Mutalisk x2  
  102  8:25  Zergling x10  
  96  8:34  Drone x6  
  96  8:35  Drone  
  102  8:50  Drone x3  
  102  8:51  Drone x2  
  107  9:01  Roach Warren, Extractor  
  105  9:10  Zergling x14, Extractor  
  105  9:11  Zergling x2  
  105  9:13  Drone  
  105  9:14  Drone  
  114  9:22  Evolution Chamber x2  
  112  9:35  Zergling x8  
  112  9:36  Zergling x12  
  116  9:54  Zergling x12  
  116  9:55  Zergling x8  
  126  10:03  Zergling x6  
  126  10:05  Drone  
  126  10:06  Drone x3  
  133  10:15  Glial Reconstitution  
  133  10:17  Roach x2  
  133  10:19  Hatchery  
  129  10:48  Zergling x12  
  129  10:49  Zergling x8  
  108  11:09  Zergling x12  
  108  11:10  Zergling x4  
  114  11:18  Roach x2  
  114  11:19  Roach x3  
  121  11:33  Zerg Missile Weapons Level 1, Zerg Melee Weapons Level 1  
  117  11:43  Roach x6  
  117  11:44  Roach x2  
  131  11:49  Drone x5  
  131  11:50  Drone  
  137  12:08  Roach x3  
  141  12:09  Hydralisk Den, Roach  
  141  12:10  Overlord  
  141  12:11  Overlord x4  
  143  12:33  Roach x4  
  143  12:34  Roach x5  
  161  12:41  Grooved Spines  
  161  12:42  Overlord  
  161  12:43  Overlord  
  161  12:46  Drone  
  161  12:47  Drone x3  
  161  12:50  Extractor  
  161  12:51  Extractor  
  153  13:27  Roach x2, Zerg Ground Armor Level 1  
  153  13:28  Roach x18  
  158  13:45  Roach x4  
  158  13:47  Overlord x3  
  141  14:09  Hydralisk  
  133  14:10  Hydralisk x16  
  145  14:32  Hydralisk  
  145  14:33  Hydralisk x10  
  147  14:52  Hydralisk x5, Roach x2  
  153  14:53  Roach x5  
  153  14:56  Zergling x6  
Show
View Real Time Build Order
Export as new Build Order

Killa Protoss 

Build Orders: 1 Gate Expand, Double Forge 

Get SALT Encoding   

  12  0:01  Probe  
  13  0:13  Probe  
  14  0:19  Pylon  
  14  0:25  Probe  
  15  0:37  Probe  
  15  0:41  Gateway  
  16  0:45  Probe  
  17  0:52  Assimilator  
  17  0:53  Probe  
  17  1:04  Probe  
  19  1:29  Nexus  
  18  1:36  Cybernetics Core  
  18  1:44  Zealot  
  18  1:45  Gateway  
  20  2:00  Probe  
  21  2:12  Probe  
  21  2:14  Assimilator  
  22  2:21  Pylon  
  22  2:29  Pylon  
  22  2:39  Stalker, Probe  
  22  2:43  Probe  
  26  2:51  Probe  
  27  2:54  Shield Battery  
  27  2:55  Probe  
  27  2:57  Stalker  
  30  3:03  Probe  
  31  3:10  Robotics Facility  
  31  3:30  Twilight Council  
  31  3:57  Probe  
  31  3:59  Probe  
  33  4:04  Observer  
  33  4:09  Forge, Probe  
  35  4:10  Forge  
  35  4:11  Probe  
  35  4:15  Warp Gate  
  35  4:17  Pylon  
  36  4:21  Probe  
  36  4:23  Probe  
  38  4:29  Stalker  
  38  4:30  Sentry  
  42  4:33  Probe  
  42  4:35  Probe  
  44  4:42  Gateway  
  44  4:45  Probe  
  44  4:47  Probe  
  46  4:58  Probe  
  46  4:59  Sentry  
  49  5:02  Stalker  
  49  5:03  Protoss Ground Weapons Level 1  
  51  5:16  Assimilator  
  51  5:19  Assimilator  
  51  5:37  Immortal  
  55  5:47  Gateway  
  55  5:53  Probe x2  
  57  6:05  Probe x2  
  59  6:12  Robotics Bay  
  59  6:15  Photon Cannon  
  59  6:17  Probe  
  59  6:18  Probe  
  61  6:30  Probe  
  62  6:50  Pylon  
  62  6:52  Pylon  
  62  7:08  Probe  
  63  7:09  Stalker x2  
  63  7:10  Stalker x2  
  71  7:35  Zealot x2  
  71  7:36  Zealot  
  58  7:55  Pylon  
  58  7:57  Pylon  
  58  8:00  Shield Battery x2  
  58  8:03  Shield Battery  
  58  8:04  Stalker x4  
  66  8:07  Pylon  
  49  8:28  Stalker x3  
  52  8:37  Stalker  
  48  8:52  Stalker x3  
  54  9:14  Photon Cannon  
  54  9:16  Photon Cannon  
  54  9:19  Photon Cannon x2  
  54  9:22  Photon Cannon  
  54  9:25  Stalker x4  
  54  9:26  Photon Cannon  
  54  9:28  Shield Battery  
  62  9:34  Shield Battery  
  62  9:43  Pylon  
  62  9:48  Pylon  
  62  9:50  Pylon  
  62  9:56  Stargate  
  62  9:59  Stargate  
  62  10:03  Probe  
  62  10:04  Probe  
  64  10:16  Probe  
  65  10:27  Photon Cannon  
  65  10:40  Probe  
  64  10:43  Phoenix  
  66  10:52  Probe  
  66  10:54  Phoenix  
  68  11:04  Probe  
  69  11:12  Phoenix  
  69  11:13  Phoenix  
  69  11:16  Probe  
  70  11:29  Probe  
  65  11:49  Phoenix x2  
  67  12:00  Stalker  
  69  12:01  Stalker  
  69  12:05  Probe  
  72  12:14  Phoenix x2  
  76  12:18  Probe  
  76  12:22  Stalker  
  79  12:29  Protoss Air Weapons Level 1  
  79  12:39  Phoenix x2  
  79  12:42  Probe x2  
  85  12:47  Sentry x2  
  85  12:49  Stalker  
  91  12:58  Pylon  
  91  13:00  Pylon  
  91  13:30  Stalker x3  
  65  13:57  Stalker x3  
  62  14:24  Stalker x3  
  48  14:53  Stalker x2  
  52  15:00  Nexus  
  52  15:04  Gateway  
  52  15:12  Shield Battery  
  44  15:16  Shield Battery  
Tags
 
Add a new tag
Caveats
  • Supply blocks, unpowered buildings, or Contaminate may cause inaccurate times.
  • Supply counts are checked every 10 seconds.